 Dungeon Crawl Stone Soup version 0.20-a0-1034-gb277f92 (console) character file.

57 pagos the Skirmisher (level 3, -3/33 HPs)
             Began as a Minotaur Abyssal Knight on Apr 21, 2017.
             Was a Follower of Lugonu.
             Slain by Crazy Yiuf
             ... wielding a +3 quarterstaff of chaos
              (8 damage)
             ... on level 2 of the Dungeon.
             The game lasted 00:02:56 (1612 turns).

pagos the Skirmisher (Minotaur Abyssal Knight)      Turns: 1612, Time: 00:03:00

Health: -3/33      AC:  3    Str: 17    XL:     3   Next: 73%
Magic:  0/3        EV: 11    Int:  9    God:    Lugonu [*.....]
Gold:   90         SH:  0    Dex:  9    Spells: 2/2 levels left

rFire    . . .     SeeInvis .   d - +0 whip
rCold    . . .     Gourm    .   (no shield)
rNeg     . . .     Faith    .   b - +0 leather armour
rPois    +         Spirit   .   (helmet restricted)
rElec    .         Reflect  .   (no cloak)
rCorr    .         Harm     .   (no gloves)
MR       .....                  (no boots)
Stlth    +.........             (no amulet)
Regen    0.2/turn               n - ring of poison resistance
MPRegen  0.1/turn               (no ring)

@: no status effects
A: retaliatory headbutt, horns 2
a: Depart the Abyss, Renounce Religion


You were on level 2 of the Dungeon.
You worshipped Lugonu.
Lugonu was aware of your devotion.
You were not hungry.

You visited 1 branch of the dungeon, and saw 2 of its levels.
You visited the Abyss 1 time.

You collected 90 gold pieces.

Inventory:

Hand Weapons
 a - a +1 mace
 d - a +0 whip (weapon)
 m - a +0 rapier
Armour
 b - a +0 leather armour (worn)
Jewellery
 n - a ring of poison resistance (left hand)
Scrolls
 i - 3 scrolls of magic mapping {unknown}
 j - 2 scrolls of remove curse {unknown}
 l - a scroll of enchant weapon {unknown}
 p - a scroll of enchant armour {unknown}
Potions
 e - 2 potions of ambrosia {unknown}
 g - a potion of agility {unknown}
 k - a potion of curing {unknown}
 o - a potion of lignification {unknown}
Comestibles
 c - 2 bread rations
 f - 2 meat rations
 h - 6 fruits


   Skills:
 + Level 4.2 Fighting
 * Level 3.4 Maces & Flails
 + Level 3.2 Armour
 + Level 1.3 Dodging
 + Level 2.2 Invocations


You had 2 spell levels left.
You didn't know any spells.

Dungeon Overview and Level Annotations

Branches:
Dungeon (2/15)

Altars:
Zin

Annotations:
D:2 Crazy Yiuf


Innate Abilities, Weirdness & Mutations

You reflexively headbutt those who attack you in melee.
You have a pair of horns on your head.


Message History

Crazy Yiuf says, "Key cloud testudinal!"
Crazy Yiuf barely misses you.
You completely miss Crazy Yiuf. You headbutt Crazy Yiuf!
Crazy Yiuf is heavily wounded.
Crazy Yiuf hits you with a quarterstaff of chaos!
You feel your power leaking away.
You hit Crazy Yiuf.
Crazy Yiuf is heavily wounded.
Crazy Yiuf hits you with a quarterstaff of chaos!
You hit Crazy Yiuf. You headbutt Crazy Yiuf.
Crazy Yiuf is severely wounded.
Crazy Yiuf glowers.
Crazy Yiuf hits you with a quarterstaff of chaos.
You closely miss Crazy Yiuf.
Crazy Yiuf is severely wounded.
Crazy Yiuf laughs, "Island light pizzabubble!"
Crazy Yiuf hits you with a quarterstaff of chaos!
* * * LOW HITPOINT WARNING * * *
You are electrocuted!
You die...

#.##.#........
###..#........
#######....#
#####
#.......###.
#..)#
#.####### #.
#...# #### ##.
...
#..#######..
#g#
##.......#.#
♣♣@♣
#...........
♣.♣♣
#.########..
♣♣.♣ #.# ###
♣.♣♣ #.# ♣♣.♣♣
#.# ♣.P.♣♣ #.#
♣....♣ #.#
##..## #.#
#....####.#


You could see Crazy Yiuf.

Vanquished Creatures
  An adder (D:2)
  A worm (D:2)
  A dart slug (D:1)
  A leopard gecko (D:1)
  A ball python (D:1)
  4 giant cockroaches
  5 goblins
  4 hobgoblins
  3 jackals (D:2)
  A quokka (D:2)
  5 bats
  3 frilled lizards (D:1)
  6 kobolds
  3 rats (D:2)
39 creatures vanquished.

Notes
Turn   | Place    | Note
-------+----------+-------------------------------------------
     0 | Abyss:1  | pagos the Minotaur Abyssal Knight began the quest for the Orb.
     0 | Abyss:1  | Reached XP level 1. HP: 19/19 MP: 1/1
    39 | Abyss:1  | Noticed a small abomination
    39 | D:1      | Escaped the Abyss
    77 | D:1      | Reached * piety under Lugonu
   156 | D:1      | Reached XP level 2. HP: 26/27 MP: 2/2
   845 | D:2      | Reached skill level 4 in Fighting
   845 | D:2      | Reached XP level 3. HP: 19/33 MP: 3/3
  1292 | D:2      | Found a glowing silver altar of Zin.
  1407 | D:2      | Found a runed door.
  1605 | D:2      | Noticed Crazy Yiuf
  1612 | D:2      | Slain by Crazy Yiuf

Vault maps used:
D:1:      saegor_arrival_simple_b
D:2:      overflow_temple_1_default, uniq_crazy_yiuf_cottage

Skill      XL: |  1  2 |
---------------+-------+-----
Invocations    | 2 |  2.2
Maces & Flails | 3 |  3.4
Fighting       | 4 |  4.2
Armour         | 3 |  3.2
Dodging        | |  1.3

Action                   || total
-------------------------++-------
Melee: Whip              ||   109
       Headbutt          ||    17
Invok: Depart the Abyss  ||     1
  Eat: Chunk             ||     2
Armor: Leather armour    ||    39
Dodge: Dodged            ||    79
